Map: Para Site LE

Players

Lambo - Winner!

  • Race: Zerg Zerg
  • League: Grandmaster
  • Spawn Location: 11:00

Geralt (Gerald)

  • Race: Protoss Protoss
  • League: Grandmaster
  • Spawn Location: 5:00

VOD

Have the link to the VOD?

Description

Time

  • Played on: Jan. 11, 2019, 2:34 p.m.
  • Length: 22:16
Show
View Real Time Build Order
Export as new Build Order

Lambo Zerg - Winner!

Build Orders: Hatch First 

Get SALT Encoding   

  12  0:01  Drone  
  13  0:13  Overlord  
  13  0:17  Drone  
  14  0:32  Drone x2  
  16  0:49  Hatchery  
  15  0:51  Drone  
  15  0:55  Drone  
  17  0:58  Drone  
  18  1:09  Extractor  
  17  1:15  Spawning Pool  
  17  1:17  Drone  
  17  1:20  Drone  
  18  1:28  Drone  
  19  1:39  Drone  
  20  1:54  Overlord  
  20  2:01  Zergling x2  
  20  2:02  Queen x2  
  20  2:03  Drone  
  26  2:11  Metabolic Boost  
  26  2:13  Drone x2  
  28  2:23  Drone x2  
  30  2:35  Hatchery  
  29  2:37  Drone  
  29  2:43  Drone  
  31  2:44  Drone  
  31  2:47  Overlord  
  32  2:53  Queen  
  32  2:55  Drone  
  36  2:58  Drone  
  36  3:10  Drone  
  36  3:11  Drone  
  38  3:13  Overlord, Drone  
  38  3:14  Drone  
  38  3:15  Drone  
  38  3:17  Drone  
  38  3:18  Drone  
  38  3:19  Overlord  
  43  3:22  Zergling x2  
  44  3:31  Queen  
  46  3:34  Zergling x4  
  46  3:37  Spore Crawler  
  46  3:48  Drone x3  
  46  3:50  Queen  
  46  3:52  Drone x3  
  46  3:53  Zergling x2  
  54  3:59  Spore Crawler  
  54  4:01  Drone  
  54  4:02  Spore Crawler, Drone x2  
  55  4:03  Drone  
  55  4:06  Drone  
  55  4:10  Drone x3  
  58  4:17  Overlord  
  58  4:23  Drone x4  
  59  4:29  Roach Warren  
  59  4:30  Overlord  
  58  4:32  Overlord  
  58  4:36  Overlord  
  58  4:37  Drone  
  59  4:41  Lair  
  59  4:42  Extractor, Drone x2  
  59  4:43  Extractor  
  59  4:45  Drone x2  
  59  4:52  Drone x3  
  60  4:54  Drone  
  60  4:56  Drone  
  60  4:59  Drone  
  62  5:00  Drone  
  62  5:04  Drone x3  
  65  5:08  Drone x3  
  65  5:14  Drone x2  
  70  5:21  Drone x3  
  73  5:25  Evolution Chamber  
  73  5:27  Zergling x6  
  75  5:34  Extractor  
  75  5:35  Extractor  
  73  5:37  Zergling x10  
  78  5:45  Drone x3  
  78  5:46  Queen, Drone x3  
  78  5:49  Drone  
  87  5:55  Drone  
  87  5:56  Hydralisk Den  
  87  6:00  Roach  
  87  6:01  Hatchery  
  87  6:02  Overlord  
  87  6:03  Overlord  
  88  6:04  Drone x2  
  90  6:13  Extractor, Drone  
  90  6:14  Baneling Nest, Zerg Missile Weapons Level 1  
  89  6:20  Evolution Chamber  
  89  6:21  Overlord x2  
  87  6:27  Roach x8  
  99  6:39  Drone x3  
  101  6:42  Drone x3  
  101  6:43  Grooved Spines  
  101  6:44  Roach x3  
  101  6:46  Roach  
  107  6:55  Roach x2  
  107  6:56  Roach x2  
  102  7:03  Roach x2  
  98  7:09  Drone x2  
  98  7:15  Glial Reconstitution  
  99  7:20  Drone x6  
  105  7:23  Drone  
  105  7:25  Drone  
  105  7:27  Drone  
  110  7:30  Roach  
  110  7:35  Roach  
  112  7:39  Roach x2  
  115  7:46  Hydralisk x3  
  114  7:54  Muscular Augments  
  114  7:55  Drone x5  
  116  8:00  Drone x2  
  117  8:06  Drone  
  117  8:07  Drone x3  
  118  8:17  Drone x2  
  120  8:21  Centrifical Hooks, Drone  
  120  8:22  Overlord  
  120  8:25  Infestation Pit  
  119  8:29  Drone x2  
  119  8:33  Zerg Melee Weapons Level 1  
  121  8:34  Zerg Missile Weapons Level 2  
  121  8:37  Overlord  
  121  8:39  Overlord  
  121  8:48  Hatchery  
  120  8:50  Drone x2  
  122  9:03  Drone x10  
  122  9:07  Drone  
  133  9:11  Spire  
  133  9:15  Hive  
  132  9:20  Hydralisk x2  
  136  9:24  Drone x3  
  136  9:26  Hydralisk  
  136  9:28  Overseer  
  141  9:31  Drone x2  
  141  9:32  Drone  
  141  9:33  Overlord  
  141  9:35  Zergling x2  
  145  9:48  Overlord x2  
  145  9:52  Extractor  
  144  9:53  Overlord  
  144  9:54  Extractor  
  144  9:58  Overlord  
  142  10:09  Drone x5  
  142  10:10  Drone  
  142  10:13  Hydralisk x9  
  166  10:17  Zergling x6  
  166  10:20  Pneumatized Carapace  
  169  10:27  Greater Spire  
  169  10:28  Zergling x18  
  169  10:33  Zergling x10  
  171  10:39  Zergling x2  
  170  10:48  Zergling x12  
  166  10:52  Zerg Melee Weapons Level 2  
  166  10:55  Zerg Missile Weapons Level 3  
  162  11:01  Corruptor x5  
  172  11:07  Corruptor x2  
  172  11:08  Overlord  
  176  11:21  Queen  
  178  11:30  Hatchery  
  176  11:42  Brood Lord x7  
  176  11:45  Baneling x4  
  190  11:48  Overlord, Baneling x2  
  190  11:51  Zergling x4  
  189  11:59  Baneling x8  
  182  12:06  Zergling x14  
  183  12:13  Drone x12  
  173  12:38  Pathogen Glands  
  173  12:39  Zerg Flyer Weapons Level 1  
  173  12:41  Queen  
  173  12:42  Queen, Hatchery  
  176  12:48  Extractor  
  175  12:52  Extractor, Spore Crawler  
  175  12:53  Spine Crawler  
  175  12:54  Drone x2  
  174  12:59  Extractor, Drone x3  
  174  13:02  Infestor x5  
  186  13:06  Queen x2  
  186  13:10  Zerg Melee Weapons Level 3  
  190  13:21  Adrenal Glands  
  190  13:23  Overlord  
  190  13:27  Spine Crawler x2  
  188  13:28  Spine Crawler  
  188  13:29  Drone x3  
  188  13:32  Infestor  
  189  13:42  Spine Crawler, Infestor x2  
  189  13:43  Spine Crawler x2  
  190  13:56  Spine Crawler  
  190  13:57  Spine Crawler x2  
  190  13:58  Drone x4  
  190  13:59  Infestor x3  
  197  14:05  Spine Crawler  
  197  14:07  Zerg Ground Armor Level 1  
  196  14:13  Infestor  
  198  14:30  Overseer  
  197  14:33  Spore Crawler  
  197  14:35  Spine Crawler, Drone x4  
  197  14:36  Spine Crawler  
  198  14:39  Overseer  
  198  14:40  Overlord, Spine Crawler  
  198  14:41  Infestor  
  198  14:42  Spine Crawler  
  198  14:44  Zerg Flyer Armor Level 1  
  198  14:45  Spire  
  197  14:46  Overlord  
  197  14:47  Queen  
  197  15:03  Corruptor  
  197  15:05  Overlord  
  199  15:13  Overlord  
  195  15:16  Spore Crawler x2  
  190  15:21  Corruptor x3  
  190  15:22  Corruptor x2  
  196  15:33  Spore Crawler  
  196  15:34  Corruptor x4  
  200  15:35  Spore Crawler  
  200  15:36  Spore Crawler  
  195  15:46  Brood Lord  
  197  15:59  Neural Parasite  
  195  16:06  Infestor x2  
  199  16:11  Zerg Flyer Weapons Level 2  
  199  16:35  Overseer x2  
  199  16:42  Spine Crawler  
  199  16:43  Spine Crawler  
  197  16:48  Overseer x3  
  197  16:57  Infestor  
  199  17:12  Hatchery  
  194  17:25  Corruptor x3  
  200  17:34  Zerg Ground Armor Level 2  
  200  17:45  Zerg Flyer Armor Level 2  
  200  17:52  Spine Crawler x2  
  200  17:53  Brood Lord  
  196  18:11  Infestor x6  
  200  18:19  Infestor x2  
  184  18:20  Infestor, Corruptor  
  178  18:35  Corruptor x8  
  178  18:39  Extractor  
  178  18:41  Brood Lord x2  
  199  18:45  Extractor  
  199  18:46  Zergling x4  
  198  18:58  Spine Crawler  
  197  19:09  Spine Crawler, Corruptor x3  
  194  19:10  Spine Crawler  
  165  19:41  Infestor x7  
  165  19:44  Zergling x54  
  199  19:48  Zergling x2  
  190  20:02  Zergling x24  
  194  20:09  Brood Lord x3  
  194  20:17  Brood Lord  
  194  20:18  Drone x4  
  199  20:31  Overlord x2  
  199  20:36  Spine Crawler  
  198  20:54  Overlord x2  
  198  20:56  Spine Crawler  
  192  21:06  Overlord x2  
  192  21:25  Extractor, Hatchery  
  190  21:27  Extractor  
  185  21:44  Zergling x24  
  185  21:45  Drone x2  
Show
View Real Time Build Order
Export as new Build Order

Geralt Protoss 

Build Orders: 1 Gate Expand, Oracle Opening, Phoenix Opening 

Get SALT Encoding   

  12  0:00  Probe  
  13  0:13  Probe  
  14  0:22  Pylon  
  14  0:25  Probe  
  15  0:36  Probe  
  16  0:43  Gateway  
  16  0:44  Probe  
  16  0:45  Assimilator  
  17  0:55  Probe  
  18  1:07  Probe  
  19  1:19  Probe  
  20  1:26  Nexus  
  20  1:32  Probe  
  21  1:39  Cybernetics Core  
  21  1:44  Probe  
  22  1:49  Assimilator  
  22  1:56  Probe  
  22  1:58  Pylon  
  23  2:07  Adept  
  23  2:16  Probe  
  26  2:24  Stargate  
  26  2:25  Adept  
  26  2:28  Probe  
  29  2:40  Probe  
  29  2:42  Probe  
  29  2:44  Warp Gate  
  30  2:51  Adept  
  30  2:52  Probe  
  30  2:54  Probe  
  34  3:02  Oracle  
  34  3:03  Pylon  
  34  3:04  Probe  
  35  3:06  Probe  
  39  3:17  Probe  
  39  3:18  Probe  
  41  3:29  Probe  
  41  3:31  Probe  
  43  3:34  Gateway  
  43  3:41  Probe  
  44  3:43  Probe, Phoenix  
  45  3:54  Probe  
  48  3:57  Probe  
  48  4:00  Gateway  
  48  4:02  Oracle  
  49  4:03  Assimilator  
  49  4:06  Probe  
  49  4:09  Probe  
  54  4:22  Probe x2  
  53  4:26  Assimilator  
  53  4:31  Twilight Council  
  53  4:33  Pylon  
  53  4:34  Probe  
  53  4:35  Pylon  
  54  4:38  Pylon  
  54  4:51  Probe x2  
  56  4:53  Oracle  
  56  4:55  Resonating Glaives  
  56  4:58  Gateway  
  52  5:00  Gateway x2  
  52  5:01  Adept  
  52  5:02  Adept x2  
  52  5:03  Gateway, Probe  
  62  5:21  Nexus  
  62  5:23  Pylon  
  62  5:24  Oracle  
  62  5:28  Adept x3  
  71  5:43  Pylon  
  71  5:52  Adept x3  
  77  5:57  Adept x3  
  77  6:00  Pylon  
  83  6:05  Pylon  
  83  6:13  Adept  
  85  6:20  Probe  
  86  6:26  Robotics Facility x2  
  86  6:37  Adept x3  
  86  6:38  Adept x3  
  96  6:43  Probe  
  96  6:46  Probe  
  98  6:48  Probe  
  97  6:55  Probe  
  97  7:00  Adept x5  
  97  7:01  Probe  
  97  7:06  Probe  
  96  7:09  Immortal  
  96  7:11  Probe  
  96  7:14  Probe  
  94  7:20  Probe  
  99  7:23  Immortal  
  99  7:27  Probe  
  99  7:28  Probe  
  95  7:32  Probe  
  100  7:39  Probe  
  100  7:40  Probe  
  102  7:45  Immortal  
  98  7:58  Charge  
  98  7:59  Adept x2  
  98  8:00  Immortal  
  103  8:12  Probe  
  100  8:14  Immortal  
  100  8:15  Probe  
  100  8:19  Forge  
  99  8:20  Probe  
  99  8:24  Probe  
  99  8:26  Immortal  
  96  8:29  Probe  
  96  8:32  Zealot  
  96  8:33  Zealot x3  
  105  8:35  Assimilator  
  105  8:39  Probe  
  110  8:41  Pylon  
  110  8:44  Immortal  
  110  8:46  Templar Archives  
  110  8:50  Zealot x3, Assimilator  
  120  9:01  Immortal  
  120  9:02  Gateway  
  120  9:03  Probe  
  120  9:04  Protoss Ground Weapons Level 1  
  125  9:14  Psionic Storm  
  125  9:23  Observer  
  125  9:24  Probe  
  127  9:29  High Templar x3  
  133  9:33  Pylon  
  133  9:34  Pylon  
  133  9:39  Photon Cannon, Shield Battery  
  133  9:42  Pylon  
  133  9:45  Pylon  
  133  9:51  Warp Prism  
  135  9:58  Nexus  
  135  10:01  Pylon  
  135  10:02  Void Ray  
  135  10:04  Immortal  
  139  10:14  Zealot  
  139  10:15  Zealot x6  
  153  10:27  Immortal  
  157  10:31  Probe  
  158  10:42  Photon Cannon  
  156  10:43  Immortal, Photon Cannon  
  156  10:44  Shield Battery  
  156  10:45  Shield Battery  
  156  10:49  High Templar x5  
  163  11:02  Stalker x3  
  169  11:06  Immortal  
  169  11:07  Protoss Ground Weapons Level 2  
  173  11:12  Probe  
  173  11:15  Assimilator  
  174  11:19  Fleet Beacon, Assimilator  
  174  11:27  Probe, Photon Cannon  
  175  11:40  Zealot x6  
  187  11:47  Stargate  
  187  11:50  Stargate  
  149  12:23  Tempest  
  152  12:36  Warp Prism  
  146  12:37  Protoss Air Weapons Level 1  
  146  12:38  Probe  
  146  12:40  Probe  
  146  12:42  Tempest x2  
  146  12:44  Photon Cannon  
  144  12:45  Photon Cannon  
  144  12:46  Shield Battery  
  144  12:48  Shield Battery  
  144  12:50  Gateway  
  144  12:51  Zealot x7, Pylon  
  170  13:01  Tempest  
  175  13:16  Tempest x2  
  181  13:27  Protoss Ground Weapons Level 3  
  181  13:34  Mothership, Tempest  
  181  13:35  Nexus  
  182  13:57  Pylon  
  182  13:58  Tempest, Pylon  
  182  14:02  Pylon  
  187  14:05  Observer  
  187  14:06  Assimilator  
  188  14:10  Assimilator, Pylon  
  188  14:12  Pylon  
  188  14:30  Photon Cannon  
  182  14:31  Photon Cannon  
  182  14:33  Photon Cannon  
  182  14:34  Shield Battery  
  182  14:35  Shield Battery  
  182  14:37  Shield Battery  
  182  14:50  Void Ray x3  
  194  14:54  Zealot  
  192  15:11  Zealot  
  190  15:22  Sentry x2  
  190  15:23  Zealot  
  190  15:24  Zealot x2  
  198  15:32  Zealot  
  200  15:39  Protoss Air Weapons Level 2  
  198  16:02  Protoss Shields Level 1  
  192  16:09  Photon Cannon  
  192  16:10  Photon Cannon  
  192  16:18  Oracle x2  
  198  16:21  Observer  
  196  16:38  Zealot  
  196  16:39  Zealot  
  196  17:06  Stargate x2  
  192  17:11  Gateway  
  190  17:15  Gateway  
  190  17:18  Gateway  
  190  17:21  Pylon  
  173  17:23  Pylon  
  173  17:25  High Templar x3  
  173  17:26  Tempest x3  
  193  17:30  Observer  
  194  17:38  High Templar x3  
  195  18:12  Archon  
  176  18:14  High Templar  
  176  18:15  High Templar x2  
  175  18:24  Zealot  
  175  18:25  Zealot x8  
  193  18:44  Photon Cannon  
  193  18:45  Photon Cannon  
  193  18:46  Shield Battery x2  
  193  18:56  Pylon  
  187  19:09  Observer, Nexus  
  180  19:12  Pylon  
  180  19:15  Assimilator  
  180  19:17  Zealot x10  
  180  19:20  Assimilator  
  164  19:40  Tempest x2  
  164  19:41  Tempest x2  
  115  19:46  Tempest  
  115  19:50  Mothership  
  136  19:57  Stalker x7  
  136  19:58  Stalker x5  
  124  20:19  Tempest  
  122  20:23  Tempest  
  122  20:24  High Templar x6  
  122  20:25  High Templar  
  142  20:29  Tempest, High Templar x3  
  142  20:30  Archon x2  
  142  20:31  Archon  
  142  20:32  Observer x2  
  155  20:43  Zealot x2  
  139  21:01  Zealot x5  
  141  21:24  Oracle x2  
  147  21:26  Tempest  
  141  21:41  Zealot  
  141  21:42  Zealot x3  
  141  21:45  High Templar x2  
Tags
 
Add a new tag
Caveats
  • Supply blocks, unpowered buildings, or Contaminate may cause inaccurate times.
  • Supply counts are checked every 10 seconds.